Map: Port Aleksander LE

Players

HikawaHina - Winner!

  • Race: Zerg Zerg
  • League: Master
  • Spawn Location: 11:00

Moondroid

  • Race: Protoss Protoss
  • Spawn Location: 5:00

VOD

Have the link to the VOD?

Description

Time

  • Played on: Jan. 27, 2019, 2:03 a.m.
  • Length: 3:32
Show
View Real Time Build Order
Export as new Build Order

HikawaHina Zerg - Winner!

Build Orders: Pool First 

Get SALT Encoding   

  12  0:01  Drone  
  13  0:16  Overlord  
  13  0:19  Drone  
  14  0:34  Drone  
  14  0:35  Drone  
  16  0:43  Spawning Pool  
  15  0:54  Drone  
  16  1:00  Drone  
  17  1:05  Extractor  
  16  1:25  Hatchery  
  15  1:30  Zergling x2  
  15  1:31  Zergling x2  
  15  1:32  Zergling x2  
  18  1:42  Zergling x2  
  19  2:00  Zergling x2  
  20  2:06  Metabolic Boost  
  20  2:16  Zergling x4  
  22  2:37  Queen  
  22  2:39  Drone  
  22  2:40  Spine Crawler  
  22  2:41  Spine Crawler  
  22  2:45  Zergling x4  
  23  2:52  Zergling x2  
  23  2:54  Spine Crawler  
  23  3:01  Zergling x2  
  23  3:08  Zergling x4  
Show
View Real Time Build Order
Export as new Build Order

Moondroid Protoss 

Build Orders:  

Get SALT Encoding   

  12  0:01  Probe  
  13  0:13  Probe  
  14  0:20  Pylon  
  14  0:25  Probe  
  15  0:38  Probe  
  15  0:41  Gateway  
  16  0:50  Probe  
  16  0:51  Assimilator  
  17  1:09  Probe  
  18  1:22  Probe  
  19  1:32  Cybernetics Core  
  19  1:36  Probe  
  20  1:46  Nexus  
  20  1:51  Pylon  
  20  1:53  Zealot  
  20  1:55  Probe  
  22  2:10  Shield Battery  
  22  2:15  Stalker  
  22  2:29  Assimilator  
  24  2:30  Probe  
  25  2:38  Stalker  
  25  2:42  Pylon  
  25  2:51  Gateway  
  25  3:00  Probe  
  25  3:02  Stalker  
  26  3:14  Shield Battery  
  26  3:24  Pylon  
Tags
 
League
Master
Matchup
PvZ
Opening
Pool First
Spawn Locations
Cross Positions
Add a new tag
Caveats
  • Supply blocks, unpowered buildings, or Contaminate may cause inaccurate times.
  • Supply counts are checked every 10 seconds.